[Event "Wed Night Engine Tour 13 Rd Swiss 3m+1s Starts at 2200hrs ST"]
[Site "Infinity Chess"]
[Date "2018.1.31"]
[Round "7"]
[White "star99"]
[Black "BraveDevil"]
[Result "1/2-1/2"]
[ECO "C68"]
[WhiteElo "2457"]
[BlackElo "2434"]
[WhiteEngine "Cryptic Heroes V4.2"]
[BlackEngine "Cryptic Heroes V4.2"]
[EventType "Swiss"]
[WhiteTeam ""]
[BlackTeam ""]
[PlyCount "78"]
[TimeControl "180+1"]

1. e4 e5 2. Nf3 Nc6 3. Bb5 a6 4. Bxc6 dxc6 5. O-O Bg4 6. h3 h5 7. d3 Qf6 
8. Nbd2 g5 9. b3 Qg7 10. Nc4 Bc8 11. Nfxe5 g4 12. h4 f6 13. Nxc6 bxc6 
14. Qe1 Be6 15. Bb2 Bxc4 16. bxc4 Bd6 17. e5 fxe5 18. c5 Rb8 19. Bc3 Be7 
20. Bxe5 Nf6 21. Bxc7 Rb7 22. Bg3 Qf7 23. Qa5 O-O 24. Rae1 Nd5 25. Qxa6 Bxc5 
26. Qxc6 Bd4 27. a4 Nb4 28. Qh6 Bg7 29. Qd2 Nc6 30. Re4 Nd4 31. Be5 Nf5 
32. Bxg7 Qxg7 33. Qa5 Rbf7 34. Qd5 Kh7 35. Rf4 Rd7 36. Qa5 Ra7 37. Qd5 Rd7 
38. Qa5 Ra7 39. Qd5 Rd7 1/2-1/2

[Event "Wed Night Engine Tour 13 Rd Swiss 3m+1s Starts at 2200hrs ST"]
[Site "Infinity Chess"]
[Date "2018.1.31"]
[Round "7"]
[White "RonWeasley"]
[Black "Cepri"]
[Result "1/2-1/2"]
[ECO "C55"]
[WhiteElo "2505"]
[BlackElo "2467"]
[WhiteEngine "BrainFish 060118_CTG"]
[BlackEngine "asmFishW_07N17_CTG"]
[EventType "Swiss"]
[WhiteTeam ""]
[BlackTeam ""]
[PlyCount "221"]
[TimeControl "180+1"]

1. e4 e5 2. Nf3 Nc6 3. Bc4 Nf6 4. d3 Bc5 5. c3 d6 6. Bb3 a6 7. Nbd2 Ba7 
8. O-O O-O 9. Re1 h6 10. Nf1 Re8 11. Bd2 Na5 12. Bc2 c5 13. h3 Be6 14. Ng3 Nc6 
15. Qc1 Nh7 16. Nh2 Qd7 17. Ng4 Bb6 18. Ne3 Bd8 19. a4 b6 20. Bd1 Bh4 
21. Nef5 Bxg3 22. Nxg3 Rac8 23. Be2 a5 24. f4 exf4 25. Bxf4 d5 26. Rf1 d4 
27. Qe1 Nf8 28. Nh5 Qe7 29. Bd2 Ng6 30. Nf4 Rcd8 31. c4 Nxf4 32. Bxf4 Kh8 
33. Qg3 f6 34. Bh5 Rf8 35. Bg6 Bf7 36. Rf3 Bxg6 37. Qxg6 Qe8 38. Qxe8 Rfxe8 
39. Raf1 Kg8 40. g4 Kf7 41. h4 Re6 42. Kf2 Rh8 43. Bh2 Ne7 44. Bc7 Ke8 
45. h5 Kd7 46. Bf4 Nc6 47. Ke2 Rd8 48. Bg3 Rh8 49. Rf5 Ne7 50. R5f2 Nc6 
51. Rh2 Ne7 52. Rhf2 Nc6 53. Rf5 Ne7 54. R5f3 Nc6 55. R1f2 Ree8 56. Rh2 Kc8 
57. Rf5 Ne7 58. Rf4 Kb7 59. Rf1 Kc8 60. Rhh1 Kd7 61. b3 Nc6 62. Rf5 Ne7 
63. Rff1 Nc6 64. Rhg1 Rhg8 65. Rf5 Ne7 66. Rf2 Nc6 67. Rff1 Rh8 68. Bf4 Rhg8 
69. Bh2 Rgf8 70. Kf3 Re6 71. Bf4 Nb4 72. Rd1 Nc6 73. Ke2 Rg8 74. Bh2 Rh8 
75. Rh1 Ree8 76. Rhf1 Rhg8 77. Rf5 Ne7 78. Rf2 Nc6 79. Rf3 Re6 80. Rg1 Ne7 
81. Rg2 Rh8 82. Rg1 Rg8 83. Bf4 Re8 84. Kf2 Nc8 85. Kg2 Ne7 86. Bh2 Nc6 
87. Rf5 Ne7 88. Rf3 Nc6 89. Rgf1 Nb4 90. Kf2 Rh8 91. Ke2 Nc6 92. Kd2 Rhe8 
93. Bg3 Kc8 94. Re1 Kb7 95. Ref1 R6e7 96. Rf5 Rd7 97. Rd5 Rde7 98. Rd6 Rf7 
99. Re1 Rfe7 100. Rg1 Rh8 101. Rf1 Nb4 102. Rg1 Rhe8 103. Ke2 Rf8 104. Be1 Nc6 
105. Bf2 Ne5 106. Rd5 Rfe8 107. Rd6 Kc7 108. Rd5 Kb7 109. Rd6 Kc7 110. Rd5 Rf8 
111. Rd7+ 1/2-1/2

[Event "Wed Night Engine Tour 13 Rd Swiss 3m+1s Starts at 2200hrs ST"]
[Site "Infinity Chess"]
[Date "2018.1.31"]
[Round "7"]
[White "ocirema"]
[Black "MiKachomiKa QueeN"]
[Result "1/2-1/2"]
[ECO "C50"]
[WhiteElo "2456"]
[BlackElo "2467"]
[WhiteEngine "stockfish_18013111_x64_modern_CTG"]
[BlackEngine "Raubfisch X37b4_CTG"]
[EventType "Swiss"]
[WhiteTeam ""]
[BlackTeam ""]
[PlyCount "88"]
[TimeControl "180+1"]

1. e4 e5 2. Nf3 Nc6 3. Bc4 Bc5 4. O-O Nf6 5. d3 d6 6. c3 a5 7. Bg5 O-O 8. a4 h6 
9. Bh4 g5 10. Bg3 Kg7 11. Na3 Ne7 12. Re1 Ng6 13. d4 exd4 14. Nxd4 h5 15. f3 h4 
16. Bf2 Ne5 17. Be2 Nh5 18. Nc4 Qf6 19. Nxe5 dxe5 20. Nf5+ Bxf5 21. Bxc5 Rfd8 
22. Qc2 Be6 23. Be3 Nf4 24. h3 Qe7 25. Bf1 c5 26. b3 b6 27. Rab1 Kg6 
28. Bb5 Rab8 29. Red1 Rxd1+ 30. Rxd1 Rd8 31. Bc6 Rxd1+ 32. Qxd1 Kg7 33. Bd5 Qd6 
34. Bxf4 exf4 35. Qd3 Bxd5 36. exd5 Qg6 37. Qe4 Qf6 38. b4 Qxc3 39. d6 Qd2 
40. bxc5 bxc5 41. Qe5+ Kg6 42. Qe4+ Kg7 43. Qe5+ Kg6 44. Qe4+ Kg7 1/2-1/2

[Event "Wed Night Engine Tour 13 Rd Swiss 3m+1s Starts at 2200hrs ST"]
[Site "Infinity Chess"]
[Date "2018.1.31"]
[Round "7"]
[White "Dovahkiin"]
[Black "MCDermont"]
[Result "0-1"]
[ECO "C12"]
[WhiteElo "2475"]
[BlackElo "2551"]
[WhiteEngine "BrainFish_180128_x64_modern_CTG"]
[BlackEngine "BrainFish 060118_CTG"]
[EventType "Swiss"]
[WhiteTeam ""]
[BlackTeam ""]
[PlyCount "148"]
[TimeControl "180+1"]

1. e4 e6 2. d4 d5 3. Nc3 Nf6 4. Bg5 Bb4 5. e5 h6 6. Be3 Ne4 7. Qg4 g6 
8. a3 Bxc3+ 9. bxc3 Nxc3 10. Bd3 b6 11. Bd2 Na4 12. Rb1 Ba6 13. Bxg6 fxg6 
14. Qxe6+ Qe7 15. Qxd5 c6 16. Qb3 b5 17. Ne2 Nd7 18. Nf4 O-O-O 19. Nxg6 Qg7 
20. Qe6 Kb7 21. Nxh8 Qxg2 22. Rf1 b4 23. Rxb4+ Ka8 24. c4 Nac5 25. dxc5 Qe4+ 
26. Kd1 Qf3+ 27. Kc2 Nxc5 28. Qxh6 Qd3+ 29. Kb2 Qxf1 30. Qxc6+ Bb7 31. Rxb7 Nxb7 
32. Be3 Qe2+ 33. Kb1 Rd1+ 34. Bc1 a5 35. Qe8+ Ka7 36. Qg6 Qe1 37. Qc2 Nc5 
38. Qh7+ Rd7 39. Qc2 Ne4 40. Nf7 Rd2 41. Qxd2 Nxd2+ 42. Kc2 Nxc4 43. f3 Qe2+ 
44. Kc3 Nxa3 45. Bxa3 Qxf3+ 46. Kd4 Qxa3 47. Nd6 Qb2+ 48. Kd5 Qxh2 49. e6 a4 
50. e7 Qh5+ 51. Kc4 a3 52. e8=Q Qxe8 53. Nxe8 a2 54. Nd6 a1=Q 55. Kd5 Qd1+ 
56. Kc5 Qh5+ 57. Kd4 Ka6 58. Nc4 Kb5 59. Ne3 Qg5 60. Nd5 Qh4+ 61. Ke5 Kc5 
62. Nf4 Qe1+ 63. Kf6 Qe4 64. Ng6 Kd6 65. Kg5 Qf3 66. Nf4 Ke5 67. Ng6+ Ke4 
68. Kh6 Qg3 69. Kh7 Kf5 70. Nf8 Kf6 71. Nd7+ Kf7 72. Ne5+ Qxe5 73. Kh6 Qb5 
74. Kh7 Qh5# 0-1

[Event "Wed Night Engine Tour 13 Rd Swiss 3m+1s Starts at 2200hrs ST"]
[Site "Infinity Chess"]
[Date "2018.1.31"]
[Round "7"]
[White "Victorious"]
[Black "Ryzen"]
[Result "1-0"]
[ECO "B90"]
[WhiteElo "2549"]
[BlackElo "2487"]
[WhiteEngine "Houdini 6"]
[BlackEngine "Houdini 6"]
[EventType "Swiss"]
[WhiteTeam ""]
[BlackTeam ""]
[PlyCount "215"]
[TimeControl "180+1"]

1. e4 c5 2. Nf3 d6 3. d4 cxd4 4. Nxd4 Nf6 5. Nc3 a6 6. Be3 e5 7. Nb3 Be6 
8. Nd5 Nbd7 9. Qd3 Nxd5 10. exd5 Bg4 11. f3 Bh5 12. Qd2 Be7 13. Bd3 O-O 
14. O-O b6 15. a4 Bg6 16. Bxg6 hxg6 17. c4 Qc7 18. Qe2 Rab8 19. Kh1 f5 
20. g4 Nc5 21. Nd2 Qd7 22. Rg1 Nxa4 23. gxf5 gxf5 24. Rg6 Rf6 25. Rg2 b5 
26. f4 Rf7 27. Rg3 exf4 28. Bxf4 Nc5 29. Qh5 Ne4 30. Nxe4 fxe4 31. Be3 Bf8 
32. Rh3 Rf3 33. Qh7+ Kf7 34. Rh5 Qe7 35. Bg5 Qd7 36. Bh4 Rf4 37. Bg3 Rf6 
38. Rg5 Rc8 39. Rg1 Ke8 40. Qxe4+ Qe7 41. Qg2 Qf7 42. cxb5 axb5 43. Bh4 g6 
44. Qe2+ Be7 45. R5g2 Rf5 46. Qxb5+ Kf8 47. Rxg6 Bxh4 48. Rg7 Qxd5+ 
49. Qxd5 Rxd5 50. Rg8+ Kf7 51. Rxc8 Rd4 52. Rh8 Ke6 53. Rb1 Rb4 54. Rh6+ Ke7 
55. Rd1 Bf6 56. Rxf6 Kxf6 57. Rxd6+ Ke5 58. Rd2 Rg4 59. b3 Re4 60. Rb2 Rb4 
61. h3 Kf5 62. Kg2 Kg5 63. Kf3 Kf6 64. Ke3 Ke5 65. Kd3 Kd5 66. Kc3 Rh4 
67. Rd2+ Kc5 68. Rd3 Re4 69. Rf3 Rh4 70. Kd2 Kd5 71. Rc3 Re4 72. Kc1 Re2 
73. h4 Rh2 74. Rc4 Ke6 75. b4 Kd5 76. Rc5+ Kd6 77. Rh5 Re2 78. b5 Rh2 79. b6 Kc6 
80. Rh6+ Kb7 81. h5 Rh4 82. Kc2 Rc4+ 83. Kd3 Rc5 84. Ke4 Rb5 85. Rh8 Rc5 
86. h6 Rc6 87. Kf5 Rd6 88. Kg5 Rd5+ 89. Kf6 Rd6+ 90. Kf7 Rd7+ 91. Ke6 Rd1 
92. Rh7+ Kb8 93. b7 Re1+ 94. Kf7 Rf1+ 95. Kg8 Rg1+ 96. Rg7 Rd1 97. h7 Rd8+ 
98. Kf7 Rd7+ 99. Ke8 Rd2 100. h8=Q Re2+ 101. Kd7+ Re8 102. Qxe8+ Kxb7 
103. Rg6 Ka7 104. Rb6 Kxb6 105. Qe5 Ka7 106. Qb2 Ka6 107. Kc6 Ka5 108. Qa3# 1-0

[Event "Wed Night Engine Tour 13 Rd Swiss 3m+1s Starts at 2200hrs ST"]
[Site "Infinity Chess"]
[Date "2018.1.31"]
[Round "7"]
[White "KULLANI"]
[Black "MGR"]
[Result "1/2-1/2"]
[ECO "C50"]
[WhiteElo "2490"]
[BlackElo "2572"]
[WhiteEngine "BrainFish_180124_x64_CTG"]
[BlackEngine "asmFishW_2017-08-25_bmi2"]
[EventType "Swiss"]
[WhiteTeam ""]
[BlackTeam ""]
[PlyCount "113"]
[TimeControl "180+1"]

1. e4 e5 2. Nf3 Nc6 3. Bc4 Bc5 4. d3 Nf6 5. c3 d6 6. O-O a5 7. Bg5 O-O 8. a4 h6 
9. Bh4 g5 10. Bg3 Kg7 11. Na3 Ne7 12. Nc2 Bb6 13. Bb3 Ng6 14. Ne3 Bxe3 
15. fxe3 Nh5 16. Nd2 Nxg3 17. hxg3 g4 18. Qe2 Qg5 19. d4 h5 20. Rae1 h4 
21. Qf2 Bd7 22. gxh4 Nxh4 23. dxe5 dxe5 24. Qg3 Rad8 25. Rd1 b6 26. Rf2 Bc6 
27. Bc2 Bd7 28. Bb3 Bc8 29. Nf3 Rxd1+ 30. Bxd1 Qxe3 31. Qxe5+ Kg8 32. Qd4 Qxd4 
33. Nxd4 g3 34. Rf6 c5 35. Nf3 Rd8 36. Be2 Bg4 37. Rxb6 Bxf3 38. Bxf3 Rd2 
39. Rb5 Kf8 40. Rxa5 Rxb2 41. Rb5 Rc2 42. Rb1 Ra2 43. Kf1 Ke7 44. a5 Ke6 
45. Rb5 Ng6 46. Ke1 Nh4 47. Kf1 Ke5 48. Rxc5+ Kf4 49. Rb5 Ng6 50. e5 Ke3 
51. Rb1 Nf4 52. Rd1 Rxa5 53. Re1+ Kd2 54. Bg4 Kxc3 55. e6 fxe6 56. Bxe6 Nxe6 
57. Rxe6 1/2-1/2

[Event "Wed Night Engine Tour 13 Rd Swiss 3m+1s Starts at 2200hrs ST"]
[Site "Infinity Chess"]
[Date "2018.1.31"]
[Round "6"]
[White "BraveDevil"]
[Black "koalachess"]
[Result "1/2-1/2"]
[ECO "E10"]
[WhiteElo "2439"]
[BlackElo "2305"]
[WhiteEngine "Cryptic Heroes V4.2"]
[BlackEngine "asmFishW_2017-11-19_popcnt_CTG"]
[EventType "Swiss"]
[WhiteTeam ""]
[BlackTeam ""]
[PlyCount "91"]
[TimeControl "180+1"]

1. d4 Nf6 2. c4 e6 3. Nf3 d5 4. Nc3 Bb4 5. Bg5 dxc4 6. a3 Bxc3+ 7. bxc3 b5 
8. a4 c6 9. g3 Bb7 10. Bg2 Nbd7 11. Ne5 Qc8 12. e4 O-O 13. O-O Nxe5 14. Bxf6 Nd7 
15. Be7 Re8 16. Bd6 e5 17. f3 exd4 18. Qxd4 Nb6 19. axb5 cxb5 20. Ra5 Bc6 
21. Rfa1 Na4 22. Bf1 h6 23. Rxa7 Rxa7 24. Qxa7 Nxc3 25. Qc7 Qxc7 26. Bxc7 Na4 
27. Kf2 f6 28. Ba5 Kf7 29. Bb4 g5 30. h3 Rd8 31. Be2 Ke6 32. Rd1 Rxd1 
33. Bxd1 f5 34. Ke3 fxe4 35. fxe4 Ke5 36. Bf3 c3 37. Bf8 h5 38. Bxh5 Bxe4 
39. Be8 c2 40. Kd2 Kd4 41. Bxb5 Nc5 42. Bxc5+ Kxc5 43. Be8 Kd4 44. Bb5 Ke5 
45. h4 gxh4 46. gxh4 1/2-1/2

[Event "Wed Night Engine Tour 13 Rd Swiss 3m+1s Starts at 2200hrs ST"]
[Site "Infinity Chess"]
[Date "2018.1.31"]
[Round "6"]
[White "ocirema"]
[Black "RonWeasley"]
[Result "1/2-1/2"]
[ECO "C11"]
[WhiteElo "2454"]
[BlackElo "2507"]
[WhiteEngine "stockfish_18013111_x64_modern_CTG"]
[BlackEngine "BrainFish 060118_CTG"]
[EventType "Swiss"]
[WhiteTeam ""]
[BlackTeam ""]
[PlyCount "211"]
[TimeControl "180+1"]

1. e4 e6 2. d4 d5 3. Nc3 Nf6 4. e5 Nfd7 5. f4 c5 6. Nf3 Nc6 7. Be3 cxd4 
8. Nxd4 Qb6 9. Qd2 Qxb2 10. Rb1 Qa3 11. Bb5 Nxd4 12. Bxd4 a6 13. Bxd7+ Bxd7 
14. Rb3 Qe7 15. Rxb7 Rc8 16. O-O Qd8 17. Qe3 Rc4 18. Rfb1 Be7 19. f5 Bg5 
20. Qd3 O-O 21. Ne4 Bc8 22. Bb6 Be3+ 23. Qxe3 Qh4 24. Nf6+ gxf6 25. Rc7 exf5 
26. Rxc4 dxc4 27. exf6 Kh8 28. Bc7 Rg8 29. Bg3 Qg4 30. Qf4 c3 31. a3 Bd7 
32. Qxg4 fxg4 33. Rb7 Be6 34. Ra7 h5 35. Rxa6 Kh7 36. Bc7 Bf5 37. Rc6 Bxc2 
38. Rxc3 Ba4 39. Rc5 Kg6 40. Bf4 Ra8 41. Rg5+ Kxf6 42. Rxh5 Bc2 43. Rc5 Be4 
44. Rc4 Bd5 45. Rc3 Be4 46. Rb3 Ke6 47. Kf2 f5 48. h4 gxh3 49. gxh3 Kf7 
50. Bd2 Rg8 51. Rg3 Rxg3 52. Kxg3 f4+ 53. Bxf4 Ke6 54. a4 Kf6 55. h4 Ke6 
56. h5 Bd5 57. a5 Kd7 58. a6 Kc6 59. Be3 Kc7 60. Kf4 Bg8 61. h6 Bh7 62. Kg4 Bd3 
63. Kg5 Be4 64. Bc5 Bb1 65. Bf2 Bc2 66. Kf6 Bb1 67. Bd4 Be4 68. Bf2 Bb1 
69. Bd4 Bd3 70. Bc5 Bb1 71. Bg1 Bc2 72. Ke7 Bb1 73. Kf8 Bh7 74. Kg7 Bb1 
75. Bd4 Bd3 76. Kf8 Kb8 77. Be3 Bf5 78. Bg1 Bb1 79. Kg8 Bd3 80. Bb6 Bb1 
81. Bg1 Bf5 82. Bb6 Bb1 83. Bd4 Bd3 84. Kg7 Bb1 85. Bg1 Bd3 86. Bd4 Bb1 
87. Bg1 Bd3 88. Bb6 Bc2 89. Be3 Bd3 90. Bb6 Bb1 91. Kf8 Bd3 92. Ke7 Bb1 
93. Bd4 Bc2 94. Ke6 Bb1 95. Kd5 Bd3 96. Ke6 Be4 97. Ke5 Bd3 98. Bf2 Bb1 
99. Ke6 Be4 100. Be3 Bd3 101. a7+ Ka8 102. Kd7 Be4 103. Ke6 Bd3 104. Kd5 Bg6 
105. Kc4 Bf7+ 106. Kc5 1/2-1/2

[Event "Wed Night Engine Tour 13 Rd Swiss 3m+1s Starts at 2200hrs ST"]
[Site "Infinity Chess"]
[Date "2018.1.31"]
[Round "6"]
[White "KULLANI"]
[Black "star99"]
[Result "1-0"]
[ECO "B90"]
[WhiteElo "2474"]
[BlackElo "2473"]
[WhiteEngine "BrainFish_180124_x64_CTG"]
[BlackEngine "Cryptic Heroes V4.2"]
[EventType "Swiss"]
[WhiteTeam ""]
[BlackTeam ""]
[PlyCount "145"]
[TimeControl "180+1"]

1. e4 c5 2. Nf3 d6 3. d4 cxd4 4. Nxd4 Nf6 5. Nc3 a6 6. Be3 b6 7. Nd5 e6 
8. Nxf6+ Qxf6 9. g4 Bb7 10. Bg2 Qh4 11. Qe2 h5 12. h3 hxg4 13. O-O-O g3 
14. Nf3 Qd8 15. e5 Qc7 16. fxg3 Nd7 17. Bf4 d5 18. Kb1 Be7 19. h4 O-O-O 
20. h5 Nc5 21. Nd4 Ne4 22. g4 Kb8 23. Qe3 b5 24. g5 Qb6 25. h6 gxh6 26. gxh6 Bc5 
27. h7 b4 28. Ka1 Ka8 29. Bf3 a5 30. Rh2 Bc6 31. Qg1 a4 32. Be3 Bb7 33. c3 bxc3 
34. Bxe4 dxe4 35. bxc3 Qa5 36. Qe1 Ba6 37. Bg1 Qc7 38. Qxe4+ Qb7 39. Qc2 Rb8 
40. c4 a3 41. Nb3 Bb4 42. Bc5 Rbc8 43. Rb1 Rb8 44. Nd2 Bxc5 45. Rxb7 Bd4+ 
46. Kb1 Rxb7+ 47. Nb3 Ka7 48. Qc1 Bc5 49. Qf4 Be7 50. Rh3 Bd8 51. Qd4+ Ka8 
52. Rg3 Rb8 53. Rg8 Bc7 54. Qd7 Bb6 55. Qc6+ Bb7 56. Qxb6 Rbxg8 57. hxg8=R+ Rxg8 
58. Nc5 Rg1+ 59. Kc2 Rg2+ 60. Kc3 Rb2 61. Qa5+ Kb8 62. Qxa3 Rb1 63. Kc2 Rb6 
64. Nd7+ Kc7 65. Nxb6 Kxb6 66. Qd6+ Bc6 67. Qb8+ Bb7 68. Kc3 f6 69. exf6 e5 
70. f7 e4 71. f8=Q e3 72. Qb4+ Ka6 73. Q8xb7# 1-0

[Event "Wed Night Engine Tour 13 Rd Swiss 3m+1s Starts at 2200hrs ST"]
[Site "Infinity Chess"]
[Date "2018.1.31"]
[Round "6"]
[White "Cepri"]
[Black "MCDermont"]
[Result "1/2-1/2"]
[ECO "C11"]
[WhiteElo "2463"]
[BlackElo "2555"]
[WhiteEngine "asmFishW_07N17_CTG"]
[BlackEngine "BrainFish 060118_CTG"]
[EventType "Swiss"]
[WhiteTeam ""]
[BlackTeam ""]
[PlyCount "229"]
[TimeControl "180+1"]

1. e4 e6 2. d4 d5 3. Nc3 Nf6 4. e5 Nfd7 5. f4 c5 6. Nf3 Nc6 7. Be3 cxd4 
8. Nxd4 Qb6 9. Qd2 Qxb2 10. Rb1 Qa3 11. Bb5 Nxd4 12. Bxd4 a6 13. Bxd7+ Bxd7 
14. Rb3 Qe7 15. Rxb7 Rc8 16. O-O Qd8 17. Qe3 Rc4 18. Rfb1 Be7 19. f5 Bg5 
20. Qd3 O-O 21. f6 Bc6 22. Bb6 Qe8 23. Re7 Qb8 24. Bd4 Rb4 25. Rb3 a5 26. h3 h6 
27. g3 h5 28. Kg2 Bh6 29. Qd1 g6 30. Qd3 Rd8 31. Ra7 a4 32. Rxb4 Qxb4 
33. a3 Qxa3 34. Nxa4 Qb4 35. Nc3 Ra8 36. Rxa8+ Bxa8 37. Ne2 Bc6 38. Qc3 Qxc3 
39. Nxc3 Bd2 40. Kf2 Bxc3 41. Bxc3 Ba4 42. h4 Bxc2 43. Ke3 Kf8 44. Kf4 Ke8 
45. Kg5 Kd7 46. Bd4 Bb1 47. Bc5 Ba2 48. Bg1 Bb1 49. Bd4 Ba2 50. Ba7 Kd8 
51. Kh6 Ke8 52. Bc5 Bc4 53. Kg5 Bd3 54. Kf4 Be4 55. Ke3 Kd7 56. Bd4 Kc6 
57. Kf4 Kd7 58. Bf2 Bd3 59. Bc5 Bb5 60. Kg5 Kc6 61. Bf2 Be2 62. Bd4 Bc4 
63. Kf4 Kd7 64. Bg1 Ke8 65. Bc5 Bd3 66. Kg5 Bf1 67. Kh6 Bb5 68. Bf2 Kd7 
69. Be3 Bc4 70. Bb6 Bd3 71. Bc5 Bf1 72. Bd4 Bh3 73. Kg7 Ke8 74. Kh6 Bf5 
75. Be3 Kd7 76. Bc5 Kc6 77. Kg7 Kxc5 78. Kxf7 d4 79. Kg7 d3 80. f7 d2 
81. f8=Q+ Kd4 82. Qd6+ Ke3 83. Qa3+ Ke2 84. Qa2 Ke3 85. Qa1 Bd3 86. Qd1 Bf5 
87. Kf6 Kd3 88. Qf3+ Kc2 89. g4 hxg4 90. Qc6+ Kd3 91. Qb5+ Kc2 92. Qa4+ Kc1 
93. Qc4+ Kd1 94. Qf1+ Kc2 95. Qe2 Kc1 96. Qe3 Kc2 97. Qc5+ Kb1 98. Qd4 Kc1 
99. Qe3 Kd1 100. h5 gxh5 101. Kg5 Kc2 102. Qc5+ Kd3 103. Qg1 Kc3 104. Kf4 Kd3 
105. Qd1 Bh7 106. Qb3+ Ke2 107. Qe3+ Kd1 108. Qg1+ Kc2 109. Qf2 Kc1 
110. Qc5+ Bc2 111. Qa3+ Kb1 112. Qb4+ Kc1 113. Qa3+ Kb1 114. Qb4+ Kc1 115. Qa3+ 
1/2-1/2

[Event "Wed Night Engine Tour 13 Rd Swiss 3m+1s Starts at 2200hrs ST"]
[Site "Infinity Chess"]
[Date "2018.1.31"]
[Round "6"]
[White "MiKachomiKa QueeN"]
[Black "Victorious"]
[Result "1/2-1/2"]
[ECO "C77"]
[WhiteElo "2463"]
[BlackElo "2553"]
[WhiteEngine "Raubfisch X37b4_CTG"]
[BlackEngine "Houdini 6"]
[EventType "Swiss"]
[WhiteTeam ""]
[BlackTeam ""]
[PlyCount "162"]
[TimeControl "180+1"]

1. e4 e5 2. Nf3 Nc6 3. Bb5 a6 4. Ba4 Nf6 5. O-O Be7 6. Re1 b5 7. Bb3 O-O 
8. c3 d5 9. exd5 Nxd5 10. Nxe5 Nxe5 11. Rxe5 c6 12. d4 Bd6 13. Re1 Qh4 
14. g3 Qh3 15. Be3 Bg4 16. Qd3 Rae8 17. Nd2 Re6 18. a4 Qh5 19. axb5 axb5 
20. Nf1 Bf5 21. Qd2 Bh3 22. Bd1 Qg6 23. Bf3 Qf5 24. Qd1 h5 25. Ra6 Bb8 
26. Bh1 h4 27. Bd2 Rf6 28. Qe2 Re6 29. Qf3 Rxe1 30. Bxe1 Bf4 31. Bg2 Bg4 
32. Qe4 Qc8 33. Ra1 Re8 34. Qc2 Bf5 35. Qb3 Bd3 36. Qd1 Be2 37. Qc2 h3 
38. Be4 Qg4 39. Bf5 Qh5 40. gxf4 Qf3 41. Qe4 Qxe4 42. Bxe4 Rxe4 43. Bd2 Bf3 
44. Ng3 Re7 45. Ra8+ Kh7 46. Ra1 Re8 47. f5 f6 48. Kf1 g5 49. fxg6+ Kxg6 
50. b3 Nc7 51. Kg1 Rd8 52. Re1 Ra8 53. c4 Ra2 54. Bc1 Bg4 55. Ne4 Ne6 56. Be3 f5 
57. Nc3 Rc2 58. d5 f4 59. dxe6 fxe3 60. Ne4 Bxe6 61. fxe3 Rg2+ 62. Kh1 Rb2 
63. Kg1 b4 64. Nc5 Bg4 65. Rf1 Rg2+ 66. Kh1 Re2 67. Kg1 Rxe3 68. Rf2 Kg5 
69. Rd2 Bh5 70. Kf2 Rf3+ 71. Ke1 Bg4 72. Rf2 Rxf2 73. Kxf2 Kf4 74. Nd3+ Ke4 
75. Nxb4 c5 76. Kg3 Bd1 77. Nd5 Bxb3 78. Kxh3 Bxc4 79. Nb6 Ba2 80. Na4 Be6+ 
81. Kg3 Kd4 1/2-1/2

[Event "Wed Night Engine Tour 13 Rd Swiss 3m+1s Starts at 2200hrs ST"]
[Site "Infinity Chess"]
[Date "2018.1.31"]
[Round "6"]
[White "MGR"]
[Black "Ryzen"]
[Result "1/2-1/2"]
[ECO "E10"]
[WhiteElo "2576"]
[BlackElo "2483"]
[WhiteEngine "asmFishW_2017-08-25_bmi2"]
[BlackEngine "Houdini 6"]
[EventType "Swiss"]
[WhiteTeam ""]
[BlackTeam ""]
[PlyCount "243"]
[TimeControl "180+1"]

1. d4 Nf6 2. c4 e6 3. Nf3 d5 4. Nc3 c6 5. e3 Nbd7 6. Qc2 Bd6 7. Bd3 dxc4 
8. Bxc4 O-O 9. O-O a6 10. Rd1 b5 11. Bd3 Bb7 12. Ng5 h6 13. Nge4 Bc7 14. a3 a5 
15. b3 Qe7 16. Bb2 Rfc8 17. g3 Nd5 18. Bf1 f5 19. Nd2 N7b6 20. Ne2 Nd7 
21. Rdc1 N7f6 22. Nf4 Nxf4 23. exf4 Bd6 24. Qd3 Rab8 25. Re1 Re8 26. Qe2 Ba6 
27. Rec1 Bb7 28. a4 Qd8 29. Bg2 Qb6 30. Qd3 Nd5 31. Bxd5 exd5 32. Qxf5 bxa4 
33. Rxa4 Qb5 34. Raa1 Bc8 35. Qh5 Qe2 36. Qxe2 Rxe2 37. Bc3 Bc7 38. Kg2 Bf5 
39. h4 h5 40. Kf1 Bd3 41. Kg2 Bf5 42. Re1 Rxe1 43. Rxe1 Kf7 44. Ra1 Rb5 
45. Ra4 Bb6 46. Ra2 Be4+ 47. Kf1 Bd3+ 48. Ke1 Bf5 49. Kd1 Bg4+ 50. Ke1 g6 
51. Ra1 Bf5 52. Ke2 Kf6 53. Kd1 Bg4+ 54. Kc2 Ke6 55. f3 Bf5+ 56. Kc1 c5 
57. Ra4 Bd8 58. Kb2 c4 59. Ra3 Bd3 60. Kc1 Be7 61. Rxa5 Rxa5 62. Bxa5 Ba3+ 
63. Kd1 Bb2 64. bxc4 dxc4 65. Ne4 Bxd4 66. Ke1 Kd5 67. Nc3+ Ke6 68. Ne2 Bc5 
69. Bc3 Be3 70. Bd2 Bb6 71. Bc3 Kd5 72. Bb4 Be3 73. Nc3+ Kd4 74. Nb5+ Kd5 
75. Nc3+ Kd4 76. Ne2+ Kd5 77. Bd2 Bc5 78. Bc3 Bd6 79. Bg7 Ke6 80. Bd4 Kd5 
81. Bg7 Bc7 82. Kd1 Bb6 83. Nc3+ Ke6 84. Ke1 Kf5 85. Nd5 Bc5 86. Bc3 Ke6 
87. Nc7+ Kd7 88. Nb5 Bf5 89. Nd4 Bd3 90. Kd2 Bb6 91. Ke1 Bc5 92. Kd2 Bb6 
93. Kd1 Bc5 94. g4 Be7 95. Be1 Bc5 96. Bc3 Be7 97. Be1 Bc5 98. Nc2 hxg4 
99. fxg4 Ke6 100. h5 gxh5 101. gxh5 Kf5 102. Bc3 Kxf4 103. h6 Kg5 104. Bg7 Kg6 
105. Bc3 Kh7 106. Nd4 Be4 107. Nc2 Bf2 108. Kc1 Bh1 109. Kd1 Bh4 110. Kd2 Kxh6 
111. Ke2 Bg5 112. Na3 Bd5 113. Bb2 Be7 114. Nc2 Be6 115. Na3 Kg5 116. Nc2 Kf4 
117. Bc3 Bg4+ 118. Ke1 Ke4 119. Bb4 Bxb4+ 120. Nxb4 c3 121. Na2 Kd4 122. Nxc3 
1/2-1/2

[Event "Wed Night Engine Tour 13 Rd Swiss 3m+1s Starts at 2200hrs ST"]
[Site "Infinity Chess"]
[Date "2018.1.31"]
[Round "5"]
[White "RonWeasley"]
[Black "koalachess"]
[Result "1/2-1/2 "]
[ECO "C11"]
[WhiteElo "2516"]
[BlackElo "2296"]
[WhiteEngine "BrainFish 060118_CTG"]
[BlackEngine "asmFishW_2017-11-19_popcnt_CTG"]
[EventType "Swiss"]
[WhiteTeam ""]
[BlackTeam ""]
[PlyCount "119"]
[TimeControl "180+1"]

1. e4 e6 2. d4 d5 3. Nc3 Nf6 4. e5 Nfd7 5. f4 c5 6. Nf3 Nc6 7. Be3 Qb6 
8. a3 cxd4 9. Nxd4 Bc5 10. Ncb5 a6 11. b4 axb5 12. bxc5 Qxc5 13. Qd2 Rxa3 
14. Rxa3 Qxa3 15. Bxb5 Qa1+ 16. Qd1 Nxd4 17. Qxa1 Nxc2+ 18. Kf2 Nxa1 19. Rxa1 f6 
20. Bxd7+ Kxd7 21. Rc1 fxe5 22. fxe5 h6 23. h4 Rg8 24. Bb6 Ke7 25. Rc7+ Bd7 
26. Bc5+ Kd8 27. Rxb7 Kc8 28. Ra7 Kd8 29. g4 g5 30. h5 Rh8 31. Ra8+ Bc8 
32. Ra3 Kc7 33. Rf3 d4 34. Bxd4 Rh7 35. Bc5 Kc6 36. Bd6 Ba6 37. Ke3 Kd5 
38. Rf8 Rb7 39. Rb8 Rf7 40. Ra8 Bb5 41. Rf8 Ra7 42. Rb8 Kc6 43. Bf8 Rh7 
44. Rd8 Kb7 45. Rd6 Bc4 46. Rd8 Bb3 47. Rd3 Ba4 48. Rd4 Bb5 49. Rd2 Ba4 
50. Rb2+ Kc6 51. Rb4 Bb5 52. Rd4 Rh8 53. Rd6+ Kb7 54. Bg7 Rh7 55. Bf8 Bc4 
56. Kd4 Bb3 57. Kc5 Kc8 58. Rd2 Rh8 59. Bd6 Kd7 60. Kb5 1/2-1/2

[Event "Wed Night Engine Tour 13 Rd Swiss 3m+1s Starts at 2200hrs ST"]
[Site "Infinity Chess"]
[Date "2018.1.31"]
[Round "5"]
[White "Dovahkiin"]
[Black "Cepri"]
[Result "1/2-1/2"]
[ECO "C55"]
[WhiteElo "2475"]
[BlackElo "2463"]
[WhiteEngine "BrainFish_180128_x64_modern_CTG"]
[BlackEngine "asmFishW_07N17_CTG"]
[EventType "Swiss"]
[WhiteTeam ""]
[BlackTeam ""]
[PlyCount "53"]
[TimeControl "180+1"]

1. e4 e5 2. Nf3 Nc6 3. Bc4 Nf6 4. d3 Bc5 5. O-O d6 6. c3 a5 7. Re1 O-O 8. Bb3 h6 
9. h3 Re8 10. a4 Bd7 11. Na3 Be6 12. Nc4 Qd7 13. Be3 Bxe3 14. Nxe3 Bxb3 
15. Qxb3 Rad8 16. Rad1 b6 17. Qc4 Ne7 18. g3 Qxh3 19. Qxc7 Ng6 20. Qxb6 Nh5 
21. Nf5 Ngf4 22. gxf4 Nxf4 23. N3h4 Qg4+ 24. Kf1 Qh3+ 25. Kg1 Qg4+ 26. Kf1 Qh3+ 
27. Kg1 1/2-1/2

[Event "Wed Night Engine Tour 13 Rd Swiss 3m+1s Starts at 2200hrs ST"]
[Site "Infinity Chess"]
[Date "2018.1.31"]
[Round "5"]
[White "star99"]
[Black "ocirema"]
[Result "1/2-1/2 "]
[ECO "D02"]
[WhiteElo "2474"]
[BlackElo "2453"]
[WhiteEngine "Cryptic Heroes V4.2"]
[BlackEngine "stockfish_18013111_x64_modern_CTG"]
[EventType "Swiss"]
[WhiteTeam ""]
[BlackTeam ""]
[PlyCount "134"]
[TimeControl "180+1"]

1. d4 d5 2. Nf3 e6 3. c4 Nf6 4. e3 b6 5. b3 Bb7 6. Bb2 Nbd7 7. Bd3 dxc4 
8. bxc4 Bd6 9. O-O O-O 10. Nc3 Re8 11. Nb5 Be7 12. Nc3 c5 13. d5 exd5 
14. cxd5 Bd6 15. a4 a6 16. Bc2 Ne5 17. e4 Nxf3+ 18. Qxf3 Be5 19. Rab1 Qe7 
20. h3 Rad8 21. Rfe1 b5 22. axb5 axb5 23. Qe3 Qf8 24. Qd2 b4 25. Na4 Bc7 
26. Bxf6 gxf6 27. Bd3 Ra8 28. Bb5 Reb8 29. Nb2 Bc8 30. Bf1 Be5 31. Nc4 Bc3 
32. Qf4 Ba6 33. Red1 Bxc4 34. Bxc4 Rd8 35. Rd3 Kh8 36. Qh4 Qd6 37. Rf3 Rg8 
38. g3 Qe5 39. Rd1 Qg5 40. Qxg5 Rxg5 41. Kg2 Re5 42. Rf4 Kg7 43. Rg4+ Kf8 
44. Rh4 Rd8 45. Rd3 Rd6 46. Bb3 Kg7 47. Rg4+ Kh8 48. Rf3 Re7 49. Rf5 Ra7 
50. f4 Ra3 51. e5 Rd8 52. Rxf6 Rxb3 53. Rxf7 Ra8 54. h4 Rg8 55. Rxg8+ Kxg8 
56. e6 Be1 57. d6 Rxg3+ 58. Kf1 Re3 59. d7 Bxh4 60. e7 Kxf7 61. d8=Q Bxe7 
62. Qd5+ Kf6 63. Qh1 Bf8 64. Kf2 Re7 65. Kf3 Ra7 66. Qh4+ Kg7 67. Qg5+ Kh8 
1/2-1/2